 Dungeon Sprint DCSS version 0.31-a0-521-gc7390f8997 (webtiles) character file.

Game seed: 2291933967811425854

43834 rocky1 the Pauper (level 24, -11/195 HPs)
             Began as a Gnoll Hexslinger on Aug 11, 2023.
             Was an Initiate of Gozag.
             Killed from afar by a Brimstone Fiend (37 damage)
             ... with damnation
             ... in the Dungeon (Sprint VI: "Thunderdome").
             The game lasted 00:53:33 (3551 turns).

rocky1 the Pauper (Gnoll Hexslinger)                Turns: 3551, Time: 00:53:33

Health: -11/195    AC: 20    Str: 17    XL:     24   Next: 63%
Magic:  39/44      EV: 27    Int: 22    God:    Gozag
Gold:   86         SH:  0    Dex: 23    Spells: 46/57 levels left

rFire   + . .        b - +9 triple sword (freeze)
rCold   + + +        (shield currently unavailable)
rNeg    + . .        c - +1 robe of Hairy Wonder {rPois Will++ Stlth+}
rPois   +            C - +3 crown of Dyrovepreva {rElec Int+2 SInv}
rElec   +            M - +0 cloak of Duvaynoo {Int+5}
rCorr   +            W - +4 pair of gloves of Whack-A-Mole {rElec Stlth+}
SInv    +            U - +4 pair of boots "Him Neud" {rN+ rCorr Stlth-}
Will    +++++        q - amulet "Ifuahun" {rF+ Will++ Regen+}
Stlth   +++          k - ring "Onul" {rPois Dex+3 Slay+3 SInv}
HPRegen 1.32/turn    I - ring "Peyxamp" {*Corrode rC+++ Str+3 Slay+4 SInv}
MPRegen 0.29/turn

%: no teleportation, corrode self (3%)
@: quad damage, gold aura, glowing
A: fangs 1, strong nose, distributed training, mutation resistance 1, poison
resistance, strong 1
}: 4/15 runes: serpentine, barnacled, silver, mossy
a: Renounce Religion, Potion Petition, Call Merchant, Bribe Branch


You were in the Dungeon.
You worshipped Gozag.
Gozag was noncommittal.
You visited 1 branch You collected 21571 gold pieces.
You spent 21093 gold pieces at shops.
You paid 392 gold pieces to Gozag.

Inventory:

Hand Weapons
 a - the +9 arbalest of Onuuthus {freeze, Int+2 Stlth+}
   (You bought it in a shop in the Dungeon)

   Int+2:     It affects your intelligence (+2).
   Stlth+:    It makes you more stealthy.
 b - a +9 triple sword of freezing (weapon)
 i - a +0 longbow
 p - a +0 quick blade
 u - a +1 sling
 v - a +0 demon blade
 x - a +7 triple crossbow of freezing
 B - a +0 hand crossbow
Armour
 c - the +1 robe of Hairy Wonder (worn) {rPois Will++ Stlth+}
   (You bought it in a shop in the Dungeon)

   rPois:     It protects you from poison Will++: It greatly increases your
   willpower.
   Stlth+:    It makes you more stealthy.
 d - a +2 robe of cold resistance
 s - a +1 pair of gloves
 C - the +3 crown of Dyrovepreva (worn) {rElec Int+2 SInv}
   (You bought it in a shop in the Dungeon)

   Int+2:     It affects your intelligence (+2).
   rElec:     It insulates you from electricity.
   SInv:      It lets you see invisible.
 M - the +0 cloak of Duvaynoo (worn) {Int+5}
   (You bought it in a shop in the Dungeon)

   Int+5:     It affects your intelligence (+5).
 O - the +1 pair of boots of Hepliaklqana's Esteem {Will++ MP+9 Str-5}
   (You bought it in a shop in the Dungeon)

   Str-5:     It affects your strength (-5).
   Will++:    It greatly increases your willpower.
   MP+9:      It affects your magic capacity (+9).
 S - the +4 cloak of the Farrier {rPois}
   (You bought it in a shop in the Dungeon)

   rPois:     It protects you from poison
 T - the +2 hat of Fun {rCorr}
   (You bought it in a shop in the Dungeon)

   rCorr:     It protects you from acid and corrosion.
 U - the +4 pair of boots "Him Neud" (worn) {rN+ rCorr Stlth-}
   (You bought it in a shop in the Dungeon)

   rN+:       It protects you from negative energy.
   rCorr:     It protects you from acid and corrosion.
   Stlth-:    It makes you less stealthy.
 V - the +0 pair of gloves of Unreason {Harm}
   (You bought it in a shop in the Dungeon)

   Harm:      It increases damage dealt and taken.
 W - the +4 pair of gloves of Whack-A-Mole (worn) {rElec Stlth+}
   (You bought it in a shop in the Dungeon)

   rElec:     It insulates you from electricity.
   Stlth+:    It makes you more stealthy.
 X - the +0 animal skin of the Platytaur {rC+ Will- Dex+4}
   (You bought it in a shop in the Dungeon)

   Dex+4:     It affects your dexterity (+4).
   rC+:       It protects you from cold.
   Will-:     It decreases your willpower.
Jewellery
 k - the ring "Onul" (left hand) {rPois Dex+3 Slay+3 SInv}
   (You bought it in a shop in the Dungeon)

   [ring of see invisible]

   Dex+3:     It affects your dexterity (+3).
   Slay+3:    It affects your accuracy & damage with ranged weapons and melee
   (+3).
   rPois:     It protects you from poison SInv: It lets you see invisible.
 o - the amulet "Zaikk" {Reflect +Inv Regen+ Dex+4 SH+5}
   (You bought it in a shop in the Dungeon)

   [amulet of reflection]

   Reflect:   It reflects blocked missile attacks.
   Dex+4:     It affects your dexterity (+4).
   +Inv:      It lets you turn invisible.
   Regen+:    It increases your rate of health regeneration.
   SH+5:      It affects your SH (+5).
 q - the amulet "Ifuahun" (around neck) {rF+ Will++ Regen+}
   (You bought it in a shop in the Dungeon)

   [amulet of regeneration]

   rF+:       It protects you from fire.
   Will++:    It greatly increases your willpower.
   Regen+:    It increases your rate of health regeneration.
 z - the ring "Ihanamip" {rElec Str+4 Dex+3 SInv}
   (You bought it in a shop in the Dungeon)

   [ring of see invisible]

   Str+4:     It affects your strength (+4).
   Dex+3:     It affects your dexterity (+3).
   rElec:     It insulates you from electricity.
   SInv:      It lets you see invisible.
 D - the ring of the Skies Above {rF- rN+ Str+6 Dex+6 Stlth-}
   (You bought it in a shop in the Dungeon)

   [ring of strength]

   Str+6:     It affects your strength (+6).
   Dex+6:     It affects your dexterity (+6).
   rF-:       It makes you vulnerable to fire.
   rN+:       It protects you from negative energy.
   Stlth-:    It makes you less stealthy.
 E - the ring "Ylioteull" {Str+2 Int+6}
   (You bought it in a shop in the Dungeon)

   [ring of intelligence]

   Str+2:     It affects your strength (+2).
   Int+6:     It affects your intelligence (+6).
 F - the ring "Quobloq" {rElec rPois}
   (You bought it in a shop in the Dungeon)

   [ring of poison resistance]

   rElec:     It insulates you from electricity.
   rPois:     It protects you from poison
 G - the ring "Jeoteu Hiuco" {rN+ Will+ AC+4 Int-4 Stlth+}
   (You bought it in a shop in the Dungeon)

   [ring of protection]

   AC+4:      It affects your AC (+4).
   Int-4:     It affects your intelligence (-4).
   rN+:       It protects you from negative energy.
   Will+:     It increases your willpower.
   Stlth+:    It makes you more stealthy.
 H - the ring "Kiawas" {rElec rN+}
   (You bought it in a shop in the Dungeon)

   [ring of positive energy]

   rElec:     It insulates you from electricity.
   rN+:       It protects you from negative energy.
 I - the ring "Peyxamp" (right hand) {*Corrode rC+++ Str+3 Slay+4 SInv}
   (You bought it in a shop in the Dungeon)

   [ring of slaying]

   Str+3:     It affects your strength (+3).
   Slay+4:    It affects your accuracy & damage with ranged weapons and melee
   (+4).
   rC+++:     It renders you almost immune to cold.
   SInv:      It lets you see invisible.
   *Corrode:  It may corrode you when you take damage.
 J - the ring "Ywoloa" {rF- rC+ EV+5 Int+4}
   (You bought it in a shop in the Dungeon)

   [ring of evasion]

   EV+5:      It affects your evasion (+5).
   Int+4:     It affects your intelligence (+4).
   rF-:       It makes you vulnerable to fire.
   rC+:       It protects you from cold.
 K - the ring "Felaamez" {Wiz Will+}
   (You bought it in a shop in the Dungeon)

   [ring of wizardry]

   Wiz:       It improves your spell success rate.
   Will+:     It increases your willpower.
Wands
 h - a wand of mindburst (9)
Scrolls
 r - 14 scrolls of blinking
Potions
 e - 22 potions of haste
 f - 5 potions of heal wounds
 g - 2 potions of magic
 j - 7 potions of resistance
 n - 4 potions of curing
 t - 6 potions of might
 w - a potion of mutation
 L - 6 potions of attraction
Miscellaneous
 l - a lightning rod (4/4)
 Q - a quad damage
 R - a quad damage


   Skills:
 + Level 17.0 Fighting
 + Level 16.9 Short Blades
 + Level 16.9 Long Blades
 + Level 16.9 Axes
 + Level 16.9 Maces & Flails
 + Level 16.9 Polearms
 + Level 16.9 Staves
 + Level 17.4 Ranged Weapons
 + Level 16.9 Throwing
 + Level 16.9 Armour
 + Level 17.4 Dodging
 + Level 16.9 Stealth
 + Level 16.9 Shields
 + Level 16.9 Unarmed Combat
 + Level 17.1 Spellcasting
 + Level 14.3 Conjurations
 + Level 15.3 Hexes
 + Level 14.3 Summonings
 + Level 14.3 Necromancy
 + Level 14.3 Translocations
 + Level 14.3 Transmutations
 + Level 14.3 Fire Magic
 + Level 14.3 Ice Magic
 + Level 14.3 Air Magic
 + Level 14.3 Earth Magic
 + Level 14.3 Poison Magic
 + Level 18.3 Invocations
 + Level 16.9 Evocations
 + Level 14.3 Shapeshifting


You had 46 spell levels left.
You knew the following spells:

 Your Spells              Type           Power      Damage    Failure   Level
a - Slow                  Hex            100%       N/A       0%          1
b - Inner Flame           Hex/Fire       71%        N/A       1%          3
c - Portal Projectile     Hex/Tloc       100%       N/A       1%          3
d - Cause Fear            Hex            36%        N/A       1%          4

Your spell library contained the following spells:

 Spells                   Type           Power      Damage    Failure   Level
 Malign Gateway           Summ/Tloc      35%        N/A       7%          7
 Summon Horrible Things   Summ           35%        N/A       47%         8


Dungeon Overview and Level Annotations

Branches:
Dungeon (1/1)

Altars:
Cheibriados
Dithmenos
Fedhas
Gozag
Kikubaaqudgha
Makhleb
Okawaru
Qazlal
Ru
Sif Muna
Trog
Uskayaw
Vehumet
Wu Jian
Xom
Yredelemnul
Zin
The Shining One
Lugonu

Shops:
D [=??*?*:[((!!!


Innate Abilities, Weirdness & Mutations

You have very sharp teeth.
Your uncanny sense of smell can sniff out nearby items.
Your experience applies equally to all skills.
You are somewhat resistant to further mutation.
Your system is resistant to poisons. (rPois)
Your muscles are strong. (Str +4, Int/Dex -1)


Message History

189 GOLD PIECES; A +0 GREAT SWORD OF FLAMING THE ORB OF FIRE EMITS A LURID RED LIGHT.
THE FIREBALL EXPLODES!
THE FIREBALL ENGULFS YOU!!
YOU RESIST.
A BRIMSTONE FIEND COMES INTO VIEW.
THE ORB OF FIRE GLOWS RED.
THE BOLT OF FIRE MISSES YOU.
YOU HEAR A SHOUT!
UNKNOWN COMMAND.
YOU FEEL YOURSELF SLOW DOWN.
THE BRIMSTONE FIEND CALLS ON THE POWERS OF DARKNESS!
YOUR BODY IS WRACKED WITH PAIN!
* * * LOW HITPOINT WARNING * * *
YOU OPEN THE ORB OF FIRE LIKE A PILLOWCASE!!!
YOU FREEZE THE ORB OF FIRE.
YOU BLOW UP THE ORB OF FIRE!
THE HELLION GESTURES AT YOU.
THE SPHERE OF DAMNATION EXPLODES!
THE DAMNATION ENGULFS YOU!!
* * * LOW HITPOINT WARNING * * *
YOUR FIGHTING SKILL INCREASES TO LEVEL 17!
YOUR SPELLCASTING SKILL INCREASES TO LEVEL 17!
YOU FEEL MUCH BETTER.
THE BRIMSTONE FIEND GESTURES AT YOU.
THE SPHERE OF DAMNATION EXPLODES!
THE DAMNATION ENGULFS YOU!!
* * * LOW HITPOINT WARNING * * *
UNKNOWN COMMAND.
YOU SLASH THE BRIMSTONE FIEND!
YOU FREEZE THE BRIMSTONE FIEND!
YOU BITE THE BRIMSTONE FIEND, BUT DO NO DAMAGE.
THE BRIMSTONE FIEND IS ALMOST DEAD.
THE BRIMSTONE FIEND CALLS ON THE POWERS OF DARKNESS!
YOUR BODY IS WRACKED WITH PAIN!
* * * LOW HITPOINT WARNING * * *
THE BRIMSTONE FIEND CALLS ON THE POWERS OF DARKNESS!
YOUR BODY IS WRACKED WITH PAIN!
* * * LOW HITPOINT WARNING * * *
UNKNOWN COMMAND.
YOU FEEL MUCH BETTER.
THE BRIMSTONE FIEND GESTURES AT YOU.
THE SPHERE OF DAMNATION EXPLODES!
THE DAMNATION ENGULFS YOU!!!
YOU DIE...
YOUR BODY CRUMBLES INTO A PILE OF GOLD.

#_......._# #_......._#
#_......._# ###..$).....###
#⌠[......)...[#
######.8[[.$...1$8.######
##∩___..[...###.......__∩##
###∩.....$.)8.# #.8..$.....∩##
##..==...).)1.@###1C....[[.....
#⌠...)......###11.###$.........
#⌠.......[[.# #2<.# #.....[.)..
#⌠..........###[.[###..[.....=.
##..[[......[..###.............
###∩........8.# #$8........∩##
##∩_._.2.)..###..)....__∩##
######.8....)..[$8.######
#⌠.[..[.*....⌠#


You could see 3 Brimstone Fiends and a hellion.

Vanquished Creatures
  2 orbs of fire (D)
  Agnes (D)
  2 Brimstone Fiends (D)
  Ilsuiw (D)
  3 sphinxes (D)
  A fire giant (D)
  3 balrugs (D)
  2 very ugly things (D)
  An anaconda (D)
  An eidolon (D)
  2 merfolk javelineers (D)
  A merfolk impaler (D)
  An ogre mage (D)
  2 merfolk aquamancers (D)
  4 dancing weapons (D)
  4 vampire magi (D)
  A spriggan berserker (D)
  Nergalle (D)
  A deep elf knight (D)
  A sun demon (D)
  2 deep elf zephyrmancers (D)
  An ironbound convoker (D)
  A deep elf pyromancer (D)
  2 phantasmal warriors (D)
  10 ugly things (D)
  9 shining eyes (D)
  A manticore (D)
  A faun (D)
  A merfolk siren (D)
  4 naga magi (D)
  16 smoke demons (D)
  3 rime drakes (D)
  A cane toad (D)
  2 hellions (D)
  3 dryads (D)
  5 queen bees (D)
  6 guardian mummies (D)
  2 hornets (D)
  7 polar bears (D)
  2 blink frogs (D)
  2 wind drakes (D)
  Sigmund (D)
  A spriggan (D)
  2 water elementals (D)
  3 wraiths (D)
  A redback (D)
  5 ice beasts (D)
  2 wolves (D)
  Blork the orc (D)
  3 bullfrogs (D)
  7 killer bees (D)
  A hound (D)
  Terence (D)
  6 mummies (D)
  2 ogre simulacra (D)
  An adder simulacrum (D)
  4 orcs (D)
  A goblin (D)
  A hobgoblin (D)
  A giant cockroach simulacrum (D)
  4 fire vortices (D)
164 creatures vanquished.

Vanquished Creatures (others)
  A fire giant (D)
1 creature vanquished.

Grand Total: 165 creatures vanquished

Notes
Turn   | Place    | Note
-------+----------+-------------------------------------------
     0 | D        | rocky1 the Gnoll Hexslinger began the quest for the Orb.
     0 | D        | Reached XP level 1. HP: 17/17 MP: 4/4
     4 | D        | Found an opulent altar of Gozag.
     4 | D        | Found a blossoming altar of Fedhas.
     5 | D        | Found a bloodstained altar of Trog.
     5 | D        | Round 1.
     6 | D        | Found a radiant altar of Vehumet.
     6 | D        | Found a burning altar of Makhleb.
     7 | D        | Found Qaowyi's Timeless Talismans.
     7 | D        | Found a snail-covered altar of Cheibriados.
     7 | D        | Found Botinket's Identification Station.
     8 | D        | Found Taysuch's Jewellery.
     8 | D        | Found Bodamot's Advanced Armour.
    10 | D        | Found a glowing golden altar of the Shining One.
    14 | D        | Became a worshipper of Gozag Ym Sagoz the Greedy
    19 | D        | Found a sacrificial altar of Ru.
    23 | D        | Found a shimmering blue altar of Sif Muna.
    26 | D        | Found Kenaemock's Premium Goods.
    27 | D        | Found Dahyar's Miscellaneous Merchandise.
    27 | D        | Found Bimotup's Basic Armour.
    29 | D        | Found a basalt altar of Yredelemnul.
    29 | D        | Found an iron altar of Okawaru.
    29 | D        | Found a corrupted altar of Lugonu.
    29 | D        | Found Ebicved's Weapon Rack.
    33 | D        | Noticed a hound
    40 | D        | Killed a hound
    41 | D        | Reached skill level 5 in Ranged Weapons
    41 | D        | Reached skill level 5 in Dodging
    41 | D        | Reached skill level 1 in Conjurations
    41 | D        | Reached skill level 1 in Summonings
    41 | D        | Reached skill level 1 in Necromancy
    41 | D        | Reached skill level 1 in Translocations
    41 | D        | Reached skill level 1 in Transmutations
    41 | D        | Reached skill level 1 in Fire Magic
    41 | D        | Reached skill level 1 in Ice Magic
    41 | D        | Reached skill level 1 in Air Magic
    41 | D        | Reached skill level 1 in Earth Magic
    41 | D        | Reached skill level 1 in Poison Magic
    41 | D        | Reached skill level 2 in Invocations
    41 | D        | Reached skill level 1 in Shapeshifting
    41 | D        | Reached XP level 2. HP: 24/24 MP: 4/6
    41 | D        | Reached XP level 3. HP: 29/29 MP: 4/7
    50 | D        | Found a hide-covered altar of Uskayaw.
    58 | D        | Found a shimmering altar of Xom.
    59 | D        | Found Aczaum's Do-It-Yourself Clinic.
    62 | D        | Found an ancient bone altar of Kikubaaqudgha.
    62 | D        | Found a glowing silver altar of Zin.
    62 | D        | Found Foupuak's Distillery.
    63 | D        | Found Athus's Bottled Wisdom.
    63 | D        | Found Zoilegh's Distillery.
    68 | D        | Found a shadowy altar of Dithmenos.
    68 | D        | Noticed Terence
    69 | D        | Found a stormy altar of Qazlal.
    70 | D        | Found an ornate altar of the Wu Jian Council.
    72 | D        | Found Fythre's Staff Store.
    74 | D        | Found Hosh's Must-Have Magic.
    74 | D        | Found Ramm's Magic Scroll Shop.
    75 | D        | Found Nazo's Magic Scroll Shop.
    89 | D        | Noticed Sigmund
    94 | D        | Killed Terence
    95 | D        | Reached XP level 4. HP: 35/35 MP: 7/9
    97 | D        | Killed Sigmund
    98 | D        | Reached skill level 5 in Spellcasting
    98 | D        | Reached skill level 4 in Invocations
    98 | D        | Reached XP level 5. HP: 43/43 MP: 7/12
   138 | D        | Arena points: 12 (+12) [x2]
   188 | D        | Bought a fine lead ring for 45 gold pieces
   188 | D        | Identified the ring "Onul" {rPois Dex+3 Slay+3 SInv} (You
                  | bought it in a shop in the Dungeon)
   188 | D        | Bought a fine jade ring for 45 gold pieces
   188 | D        | Identified the ring "Gileastre" {*Corrode rElec rPois
                  | Dex+6} (You bought it in a shop in the Dungeon)
   188 | D        | Bought a bound silver amulet for 45 gold pieces
   188 | D        | Identified the amulet "Zaikk" {Reflect +Inv Regen+ Dex+4
                  | SH+5} (You bought it in a shop in the Dungeon)
   188 | D        | Bought a clouded turquoise ring for 45 gold pieces
   188 | D        | Identified the ring of the Endless Expanse {*Slow rPois
                  | rCorr Str+2 SInv} (You bought it in a shop in the Dungeon)
   188 | D        | Bought a wavering diamond amulet for 45 gold pieces
   188 | D        | Identified the amulet "Ifuahun" {rF+ Will++ Regen+} (You
                  | bought it in a shop in the Dungeon)
   188 | D        | Bought a scorched tin amulet for 45 gold pieces
   188 | D        | Identified the amulet "Juliluemp" {Reflect Harm Int-3 Dex+3
                  | SH+5 Stlth+} (You bought it in a shop in the Dungeon)
   206 | D        | Round 2.
   232 | D        | Bought a +0 pair of gloves for 54 gold pieces
   232 | D        | Bought a +0 cloak for 54 gold pieces
   234 | D        | Bought a +0 hand crossbow for 105 gold pieces
   255 | D        | Learned a level 3 spell: Inner Flame
   264 | D        | Learned a level 3 spell: Portal Projectile
   269 | D        | Learned a level 4 spell: Cause Fear
   324 | D        | Noticed Blork the orc
   331 | D        | Killed Blork the orc
   332 | D        | Reached skill level 5 in Fighting
   332 | D        | Reached skill level 5 in Invocations
   332 | D        | Reached XP level 6. HP: 44/51 MP: 11/14
   333 | D        | Arena points: 48 (+36) [x3]
   395 | D        | Round 3.
   416 | D        | Noticed a rime drake
   424 | D        | Killed a rime drake
   425 | D        | Reached skill level 5 in Short Blades
   425 | D        | Reached skill level 5 in Long Blades
   425 | D        | Reached skill level 5 in Axes
   425 | D        | Reached skill level 5 in Maces & Flails
   425 | D        | Reached skill level 5 in Polearms
   425 | D        | Reached skill level 5 in Staves
   425 | D        | Reached skill level 5 in Throwing
   425 | D        | Reached skill level 5 in Armour
   425 | D        | Reached skill level 5 in Stealth
   425 | D        | Reached skill level 5 in Shields
   425 | D        | Reached skill level 5 in Unarmed Combat
   425 | D        | Reached skill level 6 in Invocations
   425 | D        | Reached skill level 5 in Evocations
   425 | D        | Reached XP level 7. HP: 46/58 MP: 14/16
   521 | D        | Reached skill level 5 in Conjurations
   521 | D        | Reached skill level 5 in Summonings
   521 | D        | Reached skill level 5 in Necromancy
   521 | D        | Reached skill level 5 in Translocations
   521 | D        | Reached skill level 5 in Transmutations
   521 | D        | Reached skill level 5 in Fire Magic
   521 | D        | Reached skill level 5 in Ice Magic
   521 | D        | Reached skill level 5 in Air Magic
   521 | D        | Reached skill level 5 in Earth Magic
   521 | D        | Reached skill level 5 in Poison Magic
   521 | D        | Reached skill level 5 in Shapeshifting
   521 | D        | Reached XP level 8. HP: 65/65 MP: 18/18
   542 | D        | Arena points: 132 (+84) [x4]
   578 | D        | Bought a +0 triple sword for 300 gold pieces
   578 | D        | Bought a +0 demon blade for 450 gold pieces
   582 | D        | Bought a +0 triple crossbow for 300 gold pieces
   593 | D        | Round 4.
   608 | D        | Noticed a blink frog
   614 | D        | Killed a blink frog
   615 | D        | Reached skill level 7 in Invocations
   630 | D        | Noticed a cane toad
   632 | D        | Killed a cane toad
   714 | D        | Noticed a blink frog
   719 | D        | Killed a blink frog
   719 | D        | Arena points: 272 (+140) [x5]
   720 | D        | Reached XP level 9. HP: 64/73 MP: 20/20
   760 | D        | Round 5.
   763 | D        | Noticed a giant anaconda
   780 | D        | Noticed a black mamba
   791 | D        | Killed a giant anaconda
   791 | D        | Arena points: 552 (+280) [x7]
   792 | D        | Reached skill level 8 in Invocations
   794 | D        | Got a serpentine rune of Zot
   838 | D        | Bought 4 potions of curing for 84 gold pieces
   838 | D        | Bought 3 potions of heal wounds for 105 gold pieces
   840 | D        | Bought 2 potions of experience for 600 gold pieces
   840 | D        | Reached skill level 9 in Invocations
   840 | D        | Reached XP level 10. HP: 82/82 MP: 22/22
   841 | D        | Reached XP level 11. HP: 89/89 MP: 22/24
   842 | D        | Reached skill level 10 in Ranged Weapons
   842 | D        | Reached skill level 10 in Dodging
   842 | D        | Reached XP level 12. HP: 95/95 MP: 22/25
   879 | D        | Bought a glittering lead ring for 45 gold pieces
   879 | D        | Identified the ring "Sejicymny" {*Corrode Fly rC+ Str+3}
                  | (You bought it in a shop in the Dungeon)
   879 | D        | Bought a flickering granite ring for 45 gold pieces
   879 | D        | Identified the ring "Doikybbu" {rPois rC- rCorr AC+4 SInv}
                  | (You bought it in a shop in the Dungeon)
   879 | D        | Bought a flickering turquoise ring for 45 gold pieces
   879 | D        | Identified the ring "Ihanamip" {rElec Str+4 Dex+3 SInv}
                  | (You bought it in a shop in the Dungeon)
   962 | D        | Round 6.
  1016 | D        | Reached skill level 10 in Invocations
  1043 | D        | Arena points: 984 (+432) [x8]
  1119 | D        | Round 7.
  1141 | D        | Reached skill level 10 in Fighting
  1141 | D        | Reached skill level 10 in Spellcasting
  1149 | D        | Noticed a deep elf knight
  1149 | D        | Noticed a +2 short sword of holy wrath
  1152 | D        | Killed a +2 short sword of holy wrath
  1153 | D        | Reached skill level 10 in Hexes
  1153 | D        | Killed a deep elf knight
  1154 | D        | Reached skill level 10 in Short Blades
  1154 | D        | Reached skill level 10 in Long Blades
  1154 | D        | Reached skill level 10 in Axes
  1154 | D        | Reached skill level 10 in Maces & Flails
  1154 | D        | Reached skill level 10 in Polearms
  1154 | D        | Reached skill level 10 in Staves
  1154 | D        | Reached skill level 10 in Throwing
  1154 | D        | Reached skill level 10 in Armour
  1154 | D        | Reached skill level 10 in Stealth
  1154 | D        | Reached skill level 10 in Shields
  1154 | D        | Reached skill level 10 in Unarmed Combat
  1154 | D        | Reached skill level 10 in Evocations
  1157 | D        | Reached skill level 11 in Invocations
  1215 | D        | Arena points: 1488 (+504) [x9]
  1267 | D        | Bought 3 potions of experience for 900 gold pieces
  1267 | D        | Bought 3 potions of experience for 900 gold pieces
  1267 | D        | Reached XP level 13. HP: 105/105 MP: 26/28
  1268 | D        | Reached XP level 14. HP: 113/113 MP: 26/29
  1269 | D        | Reached XP level 15. HP: 119/119 MP: 26/30
  1270 | D        | Reached skill level 12 in Invocations
  1270 | D        | Reached XP level 16. HP: 126/126 MP: 26/31
  1272 | D        | Reached XP level 17. HP: 132/132 MP: 27/32
  1273 | D        | Reached XP level 18. HP: 140/140 MP: 27/33
  1292 | D        | Round 8.
  1320 | D        | Reached XP level 19. HP: 146/146 MP: 35/35
  1333 | D        | Arena points: 2128 (+640) [x10]
  1363 | D        | Bought a +0 longbow for 195 gold pieces
  1363 | D        | Bought a +0 quick blade for 450 gold pieces
  1363 | D        | Round 9.
  1370 | D        | Reached skill level 10 in Conjurations
  1370 | D        | Reached skill level 10 in Summonings
  1370 | D        | Reached skill level 10 in Necromancy
  1370 | D        | Reached skill level 10 in Translocations
  1370 | D        | Reached skill level 10 in Transmutations
  1370 | D        | Reached skill level 10 in Fire Magic
  1370 | D        | Reached skill level 10 in Ice Magic
  1370 | D        | Reached skill level 10 in Air Magic
  1370 | D        | Reached skill level 10 in Earth Magic
  1370 | D        | Reached skill level 10 in Poison Magic
  1370 | D        | Reached skill level 10 in Shapeshifting
  1393 | D        | Reached skill level 13 in Invocations
  1409 | D        | Noticed Nergalle
  1413 | D        | Killed Nergalle
  1420 | D        | Arena points: 2920 (+792) [x11]
  1435 | D        | Round 10.
  1445 | D        | Noticed Ilsuiw
  1521 | D        | Killed Ilsuiw
  1521 | D        | Arena points: 4220 (+1300) [x13]
  1526 | D        | Got a barnacled rune of Zot
  1584 | D        | Bought a potion of experience for 300 gold pieces
  1584 | D        | Bought a potion of experience for 300 gold pieces
  1585 | D        | Reached XP level 20. HP: 90/155 MP: 36/36
  1586 | D        | Reached XP level 21. HP: 95/161 MP: 37/37
  1587 | D        | Reached XP level 22. HP: 101/169 MP: 37/39
  1617 | D        | Bought 5 scrolls of blinking for 375 gold pieces
  1617 | D        | Bought 4 scrolls of blinking for 300 gold pieces
  1617 | D        | Bought 3 scrolls of blinking for 225 gold pieces
  1619 | D        | Bought 5 scrolls of blinking for 375 gold pieces
  1619 | D        | Bought 4 scrolls of blinking for 300 gold pieces
  1619 | D        | Bought 3 scrolls of blinking for 225 gold pieces
  1739 | D        | Round 11.
  1756 | D        | Reached skill level 14 in Invocations
  1811 | D        | Gained mutation: You occasionally lose the ability to read
                  | scrolls when taking damage. [a shining eye]
  1860 | D        | Gained mutation: You are frail. (-10% HP) [a shining eye]
  1861 | D        | Gained mutation: You are very frail. (-20% HP) [a shining
                  | eye]
  1861 | D        | Gained mutation: Your spells are a little easier to cast,
                  | but a little less powerful. [a shining eye]
  1867 | D        | Gained mutation: You occasionally lose the ability to drink
                  | potions when taking damage. [a shining eye]
  1868 | D        | Gained mutation: You are extremely frail. (-30% HP) [a
                  | shining eye]
  1870 | D        | Gained mutation: You are clumsy. (Dex -2) [a shining eye]
  1874 | D        | Arena points: 5760 (+1540) [x14]
  1897 | D        | Bought 3 potions of mutation for 168 gold pieces
  1897 | D        | Bought 2 potions of mutation for 112 gold pieces
  1897 | D        | Bought a potion of mutation for 56 gold pieces
  1899 | D        | Bought 3 potions of mutation for 168 gold pieces
  1899 | D        | Bought 2 potions of mutation for 112 gold pieces
  1899 | D        | Bought a potion of mutation for 56 gold pieces
  1900 | D        | Lost mutation: You are extremely frail. (-30% HP) [potion
                  | of mutation]
  1900 | D        | Lost mutation: You are very frail. (-20% HP) [potion of
                  | mutation]
  1900 | D        | Gained mutation: Your flesh is cold resistant. (rC+)
                  | [potion of mutation]
  1900 | D        | Gained mutation: Your magical capacity is low. (-10% MP)
                  | [potion of mutation]
  1901 | D        | Lost mutation: You are frail. (-10% HP) [potion of
                  | mutation]
  1901 | D        | Lost mutation: Your flesh is cold resistant. (rC+) [potion
                  | of mutation]
  1901 | D        | Gained mutation: You are frail. (-10% HP) [potion of
                  | mutation]
  1901 | D        | Lost mutation: Your spells are a little easier to cast, but
                  | a little less powerful. [potion of mutation]
  1901 | D        | Gained mutation: Your spells are a little harder to cast,
                  | but a little more powerful. [potion of mutation]
  1902 | D        | Lost mutation: Your magical capacity is low. (-10% MP)
                  | [potion of mutation]
  1902 | D        | Lost mutation: Your spells are a little harder to cast, but
                  | a little more powerful. [potion of mutation]
  1902 | D        | Gained mutation: You have hidden genetic potential. [potion
                  | of mutation]
  1903 | D        | Lost mutation: You are clumsy. (Dex -2) [potion of
                  | mutation]
  1903 | D        | Lost mutation: You occasionally lose the ability to drink
                  | potions when taking damage. [potion of mutation]
  1903 | D        | Lost mutation: You are frail. (-10% HP) [potion of
                  | mutation]
  1903 | D        | Gained mutation: Your magical capacity is low. (-10% MP)
                  | [potion of mutation]
  1903 | D        | Gained mutation: You occasionally lose the ability to drink
                  | potions when taking damage. [potion of mutation]
  1903 | D        | Gained mutation: Potions are less effective at restoring
                  | your health. [potion of mutation]
  1903 | D        | Gained mutation: You are partially covered in iridescent
                  | scales. (AC +2) [potion of mutation]
  1904 | D        | Lost mutation: Potions are less effective at restoring your
                  | health. [potion of mutation]
  1904 | D        | Lost mutation: You occasionally lose the ability to read
                  | scrolls when taking damage. [potion of mutation]
  1904 | D        | Lost mutation: Your magical capacity is low. (-10% MP)
                  | [potion of mutation]
  1904 | D        | Gained mutation: You have large cloven feet. [potion of
                  | mutation]
  1904 | D        | Gained mutation: You do not regenerate when monsters are
                  | visible. [potion of mutation]
  1904 | D        | Gained mutation: You are strong-willed. (Will+) [potion of
                  | mutation]
  1904 | D        | Gained mutation: You are mostly covered in iridescent
                  | scales. (AC +4) [potion of mutation]
  1905 | D        | Lost mutation: You do not regenerate when monsters are
                  | visible. [potion of mutation]
  1905 | D        | Lost mutation: You are strong-willed. (Will+) [potion of
                  | mutation]
  1905 | D        | Lost mutation: You have hidden genetic potential. [potion
                  | of mutation]
  1905 | D        | Gained mutation: You are strong-willed. (Will+) [potion of
                  | mutation]
  1905 | D        | Gained mutation: You have an increased reservoir of magic.
                  | (+10% MP) [potion of mutation]
  1906 | D        | Lost mutation: You are mostly covered in iridescent scales.
                  | (AC +4) [potion of mutation]
  1906 | D        | Lost mutation: You are partially covered in iridescent
                  | scales. (AC +2) [potion of mutation]
  1906 | D        | Gained mutation: You have hidden genetic potential. [potion
                  | of mutation]
  1906 | D        | Gained mutation: You have sharp fingernails. [potion of
                  | mutation]
  1907 | D        | Lost mutation: You occasionally lose the ability to drink
                  | potions when taking damage. [potion of mutation]
  1907 | D        | Lost mutation: You are strong-willed. (Will+) [potion of
                  | mutation]
  1907 | D        | Gained mutation: You are frail. (-10% HP) [potion of
                  | mutation]
  1907 | D        | Gained mutation: You are agile. (Dex +4, Str/Int -1)
                  | [potion of mutation]
  1908 | D        | Lost mutation: You are frail. (-10% HP) [potion of
                  | mutation]
  1908 | D        | Lost mutation: You have hidden genetic potential. [potion
                  | of mutation]
  1908 | D        | Lost mutation: You have an increased reservoir of magic.
                  | (+10% MP) [potion of mutation]
  1908 | D        | Gained mutation: Armour fits poorly on your strangely
                  | shaped body. [potion of mutation]
  1908 | D        | Lost mutation: You have sharp fingernails. [potion of
                  | mutation]
  1909 | D        | Lost mutation: You are agile. (Dex +4, Str/Int -1) [potion
                  | of mutation]
  1909 | D        | Lost mutation: Armour fits poorly on your strangely shaped
                  | body. [potion of mutation]
  1909 | D        | Lost mutation: You have large cloven feet. [potion of
                  | mutation]
  1909 | D        | Gained mutation: Your spells are a little harder to cast,
                  | but a little more powerful. [potion of mutation]
  1909 | D        | Gained mutation: Your body sometimes deteriorates upon
                  | taking damage. [potion of mutation]
  1910 | D        | Lost mutation: Your spells are a little harder to cast, but
                  | a little more powerful. [potion of mutation]
  1910 | D        | Lost mutation: Your body sometimes deteriorates upon taking
                  | damage. [potion of mutation]
  1910 | D        | Gained mutation: You are somewhat resistant to further
                  | mutation. [potion of mutation]
  1910 | D        | Gained mutation: Your muscles are strong. (Str +4, Int/Dex
                  | -1) [potion of mutation]
  1910 | D        | Gained mutation: Your system is resistant to poisons.
                  | (rPois) [potion of mutation]
  1922 | D        | Round 12.
  2012 | D        | Arena points: 8100 (+2340) [x15]
  2047 | D        | Bought 8 scrolls of enchant weapon for 600 gold pieces
  2047 | D        | Bought a scroll of brand weapon for 95 gold pieces
  2049 | D        | Bought 8 scrolls of enchant weapon for 600 gold pieces
  2049 | D        | Bought a scroll of brand weapon for 95 gold pieces
  2071 | D        | Round 13.
  2233 | D        | Reached skill level 15 in Invocations
  2237 | D        | Arena points: 10804 (+2704) [x16]
  2256 | D        | Round 14.
  2333 | D        | Arena points: 13422 (+2618) [x17]
  2351 | D        | Round 15.
  2354 | D        | Noticed Agnes
  2378 | D        | Killed Agnes
  2378 | D        | Arena points: 16557 (+3135) [x19]
  2379 | D        | Reached skill level 15 in Ranged Weapons
  2379 | D        | Reached skill level 15 in Dodging
  2382 | D        | Got a mossy rune of Zot
  2385 | D        | Reached XP level 23. HP: 47/180 MP: 16/41
  2448 | D        | Bought a scroll of enchant armour for 150 gold pieces
  2450 | D        | Bought the +9 arbalest of Onuuthus {freeze, Int+2 Stlth+}
                  | for 1006 gold pieces
  2450 | D        | Bought the +3 crown of Dyrovepreva {rElec Int+2 SInv} for
                  | 621 gold pieces
  2450 | D        | Found the +3 crown of Dyrovepreva {rElec Int+2 SInv}
  2472 | D        | Bought a warped iron ring for 45 gold pieces
  2472 | D        | Identified the ring of the Skies Above {rF- rN+ Str+6 Dex+6
                  | Stlth-} (You bought it in a shop in the Dungeon)
  2472 | D        | Bought a transparent silver ring for 45 gold pieces
  2472 | D        | Identified the ring "Ylioteull" {Str+2 Int+6} (You bought
                  | it in a shop in the Dungeon)
  2472 | D        | Bought a twitching lead ring for 45 gold pieces
  2472 | D        | Identified the ring "Quobloq" {rElec rPois} (You bought it
                  | in a shop in the Dungeon)
  2472 | D        | Bought a glittering wooden ring for 45 gold pieces
  2472 | D        | Identified the ring "Jeoteu Hiuco" {rN+ Will+ AC+4 Int-4
                  | Stlth+} (You bought it in a shop in the Dungeon)
  2472 | D        | Bought a scorched tin ring for 45 gold pieces
  2472 | D        | Identified the ring "Kiawas" {rElec rN+} (You bought it in
                  | a shop in the Dungeon)
  2472 | D        | Bought a glittering steel ring for 45 gold pieces
  2472 | D        | Identified the ring "Peyxamp" {*Corrode rC+++ Str+3 Slay+4
                  | SInv} (You bought it in a shop in the Dungeon)
  2472 | D        | Bought a sparkling lapis lazuli ring for 45 gold pieces
  2472 | D        | Identified the ring "Ywoloa" {rF- rC+ EV+5 Int+4} (You
                  | bought it in a shop in the Dungeon)
  2472 | D        | Bought a twitching bronze ring for 45 gold pieces
  2472 | D        | Identified the ring "Felaamez" {Wiz Will+} (You bought it
                  | in a shop in the Dungeon)
  2480 | D        | Bought a slimy robe for 199 gold pieces
  2480 | D        | Identified the +0 robe of New Discoveries {Harm rElec
                  | Int-3} (You bought it in a shop in the Dungeon)
  2480 | D        | Bought a steaming cloak for 332 gold pieces
  2480 | D        | Identified the +0 cloak of Duvaynoo {Int+5} (You bought it
                  | in a shop in the Dungeon)
  2480 | D        | Bought an encrusted helmet for 332 gold pieces
  2480 | D        | Identified the +2 helmet of Past Mistakes {Harm Dex+4} (You
                  | bought it in a shop in the Dungeon)
  2480 | D        | Bought a pair of scorched boots for 332 gold pieces
  2480 | D        | Identified the +1 pair of boots of Hepliaklqana's Esteem
                  | {Will++ MP+9 Str-5} (You bought it in a shop in the
                  | Dungeon)
  2517 | D        | Bought a steaming robe for 199 gold pieces
  2517 | D        | Identified the +1 robe of Hairy Wonder {rPois Will++
                  | Stlth+} (You bought it in a shop in the Dungeon)
  2595 | D        | Round 16.
  2687 | D        | Reached skill level 15 in Spellcasting
  2693 | D        | Reached skill level 16 in Invocations
  2720 | D        | Reached skill level 15 in Fighting
  2752 | D        | Arena points: 20397 (+3840) [x20]
  2789 | D        | Round 17.
  2813 | D        | Bought a potion of haste for 70 gold pieces
  2813 | D        | Bought a potion of curing for 21 gold pieces
  2813 | D        | Bought 6 potions of resistance for 420 gold pieces
  2813 | D        | Bought 6 potions of might for 168 gold pieces
  2813 | D        | Bought 6 potions of attraction for 126 gold pieces
  2813 | D        | Bought 5 potions of haste for 350 gold pieces
  2813 | D        | Bought 4 potions of haste for 280 gold pieces
  2813 | D        | Bought 3 potions of haste for 210 gold pieces
  2820 | D        | Reached skill level 15 in Short Blades
  2820 | D        | Reached skill level 15 in Long Blades
  2820 | D        | Reached skill level 15 in Axes
  2820 | D        | Reached skill level 15 in Maces & Flails
  2820 | D        | Reached skill level 15 in Polearms
  2820 | D        | Reached skill level 15 in Staves
  2820 | D        | Reached skill level 15 in Throwing
  2820 | D        | Reached skill level 15 in Armour
  2820 | D        | Reached skill level 15 in Stealth
  2820 | D        | Reached skill level 15 in Shields
  2820 | D        | Reached skill level 15 in Unarmed Combat
  2820 | D        | Reached skill level 15 in Evocations
  2841 | D        | Arena points: 23610 (+3213) [x21]
  2856 | D        | Round 18.
  2948 | D        | Arena points: 30342 (+6732) [x22]
  3005 | D        | Round 19.
  3039 | D        | Reached skill level 17 in Invocations
  3117 | D        | Arena points: 37334 (+6992) [x23]
  3188 | D        | Round 20.
  3201 | D        | Noticed Mara
  3213 | D        | Noticed rocky1's illusion
  3221 | D        | Identified the +5 glaive of the Sky {freeze, *Noise rF+ rC+
                  | Dex+6} (You found it in the Dungeon)
  3221 | D        | Arena points: 43834 (+6500) [x25]
  3227 | D        | Got a silver rune of Zot
  3230 | D        | Reached XP level 24. HP: 61/191 MP: 40/43
  3262 | D        | Bought 5 potions of haste for 1000 gold pieces
  3262 | D        | Bought 5 potions of haste for 1000 gold pieces
  3262 | D        | Bought 5 potions of heal wounds for 500 gold pieces
  3262 | D        | Bought 5 potions of heal wounds for 500 gold pieces
  3262 | D        | Bought a quad damage for 400 gold pieces
  3262 | D        | Bought a quad damage for 400 gold pieces
  3262 | D        | Bought a quad damage for 400 gold pieces
  3281 | D        | Bought a pitted cloak for 332 gold pieces
  3281 | D        | Identified the +4 cloak of the Farrier {rPois} (You bought
                  | it in a shop in the Dungeon)
  3281 | D        | Bought a pitted hat for 315 gold pieces
  3281 | D        | Identified the +2 hat of Fun {rCorr} (You bought it in a
                  | shop in the Dungeon)
  3281 | D        | Bought a pair of heavily runed boots for 332 gold pieces
  3281 | D        | Identified the +4 pair of boots "Him Neud" {rN+ rCorr
                  | Stlth-} (You bought it in a shop in the Dungeon)
  3281 | D        | Bought a pair of brightly glowing gloves for 332 gold
                  | pieces
  3281 | D        | Identified the +0 pair of gloves of Unreason {Harm} (You
                  | bought it in a shop in the Dungeon)
  3281 | D        | Bought a pair of shimmering gloves for 332 gold pieces
  3281 | D        | Identified the +4 pair of gloves of Whack-A-Mole {rElec
                  | Stlth+} (You bought it in a shop in the Dungeon)
  3281 | D        | Bought a slimy animal skin for 185 gold pieces
  3281 | D        | Identified the +0 animal skin of the Platytaur {rC+ Will-
                  | Dex+4} (You bought it in a shop in the Dungeon)
  3396 | D        | Round 21.
  3454 | D        | Noticed an orb of fire
  3497 | D        | Bought 3 potions of heal wounds for 105 gold pieces
  3497 | D        | Bought 3 potions of heal wounds for 105 gold pieces
  3497 | D        | Bought 3 potions of heal wounds for 105 gold pieces
  3497 | D        | Bought 3 potions of heal wounds for 105 gold pieces
  3497 | D        | Bought 3 potions of heal wounds for 105 gold pieces
  3522 | D        | Killed an orb of fire
  3523 | D        | Reached skill level 15 in Hexes
  3523 | D        | Noticed an orb of fire
  3527 | D        | Reached skill level 18 in Invocations
  3532 | D        | HP: 4/193 [fire giant/bolt of fire (11)]
  3547 | D        | Killed an orb of fire
  3550 | D        | HP: 8/195 [??? (4)]
  3551 | D        | Killed from afar by a Brimstone Fiend

Illustrated notes

Levels and vault maps discovered:
D:        arena_sprint

Skill      XL: |  1  2  3  4  5  6  7  8  9 10 11 12 13 14 15 16 17 18 19 20 21 22 23 24 |
---------------+-------------------------------------------------------------------------+-----
Fighting       | 3 4 5 6 7 8 9 10 11 12 13 14 16 17 | 17.0
Short Blades   | 2 4 5 6 7 8 10 11 12 14 15 16 | 16.9
Long Blades    | 2 4 5 6 7 8 10 11 12 14 15 16 | 16.9
Axes           | 2 4 5 6 7 8 10 11 12 14 15 16 | 16.9
Maces & Flails | 2 4 5 6 7 8 10 11 12 14 15 16 | 16.9
Polearms       | 2 4 5 6 7 8 10 11 12 14 15 16 | 16.9
Staves         | 2 4 5 6 7 8 10 11 12 14 15 16 | 16.9
Ranged Weapons | 5 6 7 8 9 10 11 12 13 15 16 17 | 17.4
Throwing       | 2 4 5 6 7 8 10 11 12 14 15 16 | 16.9
Armour         | 2 4 5 6 7 8 10 11 12 14 15 16 | 16.9
Dodging        | 5 6 7 8 9 10 11 12 13 15 16 17 | 17.4
Stealth        | 2 4 5 6 7 8 10 11 12 14 15 16 | 16.9
Shields        | 2 4 5 6 7 8 10 11 12 14 15 16 | 16.9
Unarmed Combat | 2 4 5 6 7 8 10 11 12 14 15 16 | 16.9
Spellcasting   | 3 5 6 7 8 9 11 12 13 14 16 17 | 17.1
Conjurations   | 1 2 3 4 5 6 7 8 9 10 12 13 14 | 14.3
Summonings     | 1 2 3 4 5 6 7 8 9 10 12 13 14 | 14.3
Necromancy     | 1 2 3 4 5 6 7 8 9 10 12 13 14 | 14.3
Translocations | 1 2 3 4 5 6 7 8 9 10 12 13 14 | 14.3
Transmutations | 1 2 3 4 5 6 7 8 9 10 12 13 14 | 14.3
Fire Magic     | 1 2 3 4 5 6 7 8 9 10 12 13 14 | 14.3
Ice Magic      | 1 2 3 4 5 6 7 8 9 10 12 13 14 | 14.3
Air Magic      | 1 2 3 4 5 6 7 8 9 10 12 13 14 | 14.3
Earth Magic    | 1 2 3 4 5 6 7 8 9 10 12 13 14 | 14.3
Poison Magic   | 1 2 3 4 5 6 7 8 9 10 12 13 14 | 14.3
Invocations    | 2 4 5 6 7 9 11 12 13 15 17 18 | 18.3
Evocations     | 2 4 5 6 7 8 10 11 12 14 15 16 | 16.9
Shapeshifting  | 1 2 3 4 5 6 7 8 9 10 12 13 14 | 14.3
Hexes          | 6 7 8 9 10 11 12 13 14 15 | 15.3

Action                     |  1- 3 |  4- 6 |  7- 9 | 10-12 | 13-15 | 16-18 | 19-21 | 22-24 || total
---------------------------+-------+-------+-------+-------+-------+-------+-------+-------++-------
  Melee: Demon blade       |       |       |       |       |       |    10 |    24 |    59 ||    93
         Bite              |       |       |       |       |       |     3 |     6 |    27 ||    36
         Punch             |       |       |       |       |       |     2 |     5 |     8 ||    15
         Triple sword      |       |       |       |       |       |       |       |    57 ||    57
   Fire: Sling             |    15 |     3 |       |       |       |       |       |       ||    18
         Hand crossbow     |       |    16 |    40 |    48 |       |     6 |    43 |   165 ||   318
         Arbalest          |       |       |       |       |       |       |       |   162 ||   162
   Cast: Slow              |     3 |     5 |     2 |       |       |       |       |       ||    10
         Portal Projectile |       |       |       |       |       |       |       |    30 ||    30
 Invoke: Potion Petition   |       |       |       |       |       |       |       |     1 ||     1
  Evoke: Wand              |     3 |     3 |     4 |       |       |       |       |       ||    10
         Lightning rod     |       |       |       |       |       |     4 |       |       ||     4
         Quad damage       |       |       |       |       |       |       |       |     1 ||     1
    Use: Potion            |     1 |       |     4 |     4 |     3 |     2 |     6 |    41 ||    61
         Scroll            |       |       |     4 |       |       |       |     1 |    32 ||    37
   Stab: Distracted        |       |       |       |       |       |       |       |     1 ||     1
 Armour: Robe              |       |       |     3 |       |       |     4 |     4 |    27 ||    38
  Dodge: Dodged            |     3 |     1 |    18 |     1 |       |    12 |    63 |   187 ||   285
  Block: Other             |       |     1 |     7 |     1 |       |     3 |    14 |    20 ||    46
         Reflection        |       |       |       |     1 |       |       |       |       ||     1

Table legend: (Time is in decaauts)
 A = Elapsed time spent in this place.
 B = Non-inter-level travel time spent in this place.
 C = Inter-level travel time spent in this place.
 D = Time resting spent in this place.
 E = Time spent auto-exploring this place.
 F = Levels seen in this place.
 G = Mean time per level.
                   A        B        C        D        E       F      G
               +--------+--------+--------+--------+--------+-----+--------+
         Total |   3541 |   3532 |      9 |    549 |     37 |   1 | 3541.0 |
       Dungeon |   3541 |   3532 |      9 |    549 |     37 |   1 | 3541.0 |
               +--------+--------+--------+--------+--------+-----+--------+

Top non-repeatable levels by time:
       D: 3541 daAuts
